 Dungeon Crawl Stone Soup version 0.26-a0-661-g406de6ba63 (webtiles) character file.

Game seed: 16848112514040752770

52 robertstho the Caller (level 3, 0/26 HPs)
             Began as a Gnoll Summoner on Oct 8, 2020.
             Succumbed to an adder's poison
             ... on level 2 of the Dungeon.
             The game lasted 00:04:30 (1674 turns).

robertstho the Caller (Gnoll Summoner)              Turns: 1674, Time: 00:04:31

Health: 0/26       AC:  3    Str: 10    XL:     3   Next: 85%
Magic:  6/9        EV: 15    Int: 18    God:
Gold:   94         SH:  0    Dex: 15    Spells: 9/12 levels left

rFire    . . .     SeeInvis .   f - +1 dagger (venom)
rCold    . . .     Faith    .   (no shield)
rNeg     . . .     Spirit   .   a - +0 robe
rPois    .         Reflect  .   d - +0 helmet
rElec    .         Harm     .   (no cloak)
rCorr    .         Rampage  .   (no gloves)
MR       .....                  (no boots)
Stlth    +++.......             (no amulet)
HPRegen  0.08/turn              (no ring)
MPRegen  0.11/turn              (no ring)

@: lethally poisoned (0 -> -3), flying
A: distributed training, fangs 1, strong nose
a: no special abilities


You were on level 2 of the Dungeon.
You visited 1 branch of the dungeon, and saw 2 of its levels.

You collected 94 gold pieces.

Inventory:

Hand Weapons
 f - a +1 dagger of venom (weapon)
Missiles
 g - 46 poisoned darts (quivered)
Armour
 a - a +0 robe (worn)
 d - a +0 helmet (worn)
Jewellery
 h - an uncursed ring of resist corrosion {unknown}
Scrolls
 b - a scroll of fear {unknown}
 c - a scroll of identify {unknown}
 e - 2 scrolls of immolation {unknown}
 i - a scroll of remove curse {unknown}
 j - a scroll of teleportation {unknown}


   Skills:
 + Level 1.0 Fighting
 + Level 1.0 Short Blades
 + Level 1.0 Long Blades
 + Level 1.0 Axes
 + Level 1.0 Maces & Flails
 + Level 1.0 Polearms
 + Level 1.0 Staves
 + Level 1.0 Slings
 + Level 1.0 Bows
 + Level 1.0 Crossbows
 + Level 1.0 Throwing
 + Level 1.0 Armour
 + Level 4.6 Dodging
 + Level 4.2 Stealth
 + Level 1.0 Shields
 + Level 1.0 Unarmed Combat
 + Level 5.0 Spellcasting
 + Level 0.7 Conjurations
 + Level 0.7 Hexes
 + Level 7.1 Summonings
 + Level 0.7 Necromancy
 + Level 0.7 Translocations
 + Level 0.7 Transmutations
 + Level 0.7 Fire Magic
 + Level 0.7 Ice Magic
 + Level 0.7 Air Magic
 + Level 0.7 Earth Magic
 + Level 0.7 Poison Magic
 + Level 1.0 Invocations
 + Level 1.0 Evocations


You had 9 spell levels left.
You knew the following spells:

 Your Spells              Type           Power        Failure   Level
a - Summon Small Mammal   Summ           ####         1%          1
b - Call Imp              Summ           ####....     1%          2

Your spell library contained the following spells:

 Spells                   Type           Power        Failure   Level
 Call Canine Familiar     Summ           ####....     2%          3
 Summon Guardian Golem    Hex/Summ       ###.....     8%          3
 Beastly Appendage        Tmut           #.....       10%         1
 Wereblood                Tmut           #.......     16%         2
 Summon Ice Beast         Ice/Summ       ###.....     26%         4
 Summon Lightning Spire   Summ/Air       ###.....     26%         4
 Spider Form              Tmut/Pois      #.........   30%         3
 Ice Form                 Ice/Tmut       #.......     69%         4
 Blade Hands              Tmut           #.........   95%         5


Dungeon Overview and Level Annotations

Branches:
Dungeon (2/15)

Altars:


Innate Abilities, Weirdness & Mutations

Your experience applies equally to all skills.
You have very sharp teeth.
Your uncanny sense of smell can sniff out nearby items.


Message History

Unknown command.
Unknown command.
* * * LOW HITPOINT WARNING * * *
You feel sick.
Unknown command.
Unknown command.
* * * LOW HITPOINT WARNING * * *
You feel sick.
You see here a scroll labeled SIHUUR ASHONYD.
i - a scroll labeled SIHUUR ASHONYD
* * * LOW HITPOINT WARNING * * *
You feel sick.
You aren't carrying any potions.
Unknown command.
* * * LOW HITPOINT WARNING * * *
You feel sick.
You see here a +0 club.
Your crimson imp blinks!
A ball python comes into view.
You die...

#.....###.# ......
#.#.#.# #.# ∆
#.....###.# ∆
#....###.§# #....###.##
##....##..# #..#####)##
###.##.#......5########.
..............5.@......S
..............5.########
................#
########.......##
#.......# #...÷...#
#.......# #....<..#
#########


You could see a ball python (asleep) and 3 friendly crimson imps.

Vanquished Creatures
  2 adders (D:2)
  A dart slug (D:2)
  6 giant cockroaches
  2 goblins
  3 hobgoblins
  6 bats
  A frilled lizard (D:2)
  A kobold (D:2)
  2 rats (D:2)
24 creatures vanquished.

Vanquished Creatures (collateral kills)
  A gnoll (D:2)
  A giant cockroach (D:1)
  2 goblins (D:1)
  2 hobgoblins
  A kobold (D:1)
  2 frilled lizards (D:1)
  2 rats (D:1)
11 creatures vanquished.

Grand Total: 35 creatures vanquished

Notes
Turn   | Place    | Note
-------+----------+-------------------------------------------
     0 | D:1      | robertstho the Gnoll Summoner began the quest for the Orb.
     0 | D:1      | Reached XP level 1. HP: 13/13 MP: 6/6
   621 | D:1      | Reached XP level 2. HP: 5/19 MP: 4/7
  1247 | D:2      | Learned a level 2 spell: Call Imp
  1250 | D:2      | Reached skill level 5 in Spellcasting
  1250 | D:2      | Reached XP level 3. HP: 25/25 MP: 1/9
  1437 | D:2      | Reached skill level 1 in Invocations
  1656 | D:2      | Reached skill level 1 in Fighting
  1656 | D:2      | Reached skill level 1 in Short Blades
  1656 | D:2      | Reached skill level 1 in Long Blades
  1656 | D:2      | Reached skill level 1 in Axes
  1656 | D:2      | Reached skill level 1 in Maces & Flails
  1656 | D:2      | Reached skill level 1 in Polearms
  1656 | D:2      | Reached skill level 1 in Staves
  1656 | D:2      | Reached skill level 1 in Slings
  1656 | D:2      | Reached skill level 1 in Bows
  1656 | D:2      | Reached skill level 1 in Crossbows
  1656 | D:2      | Reached skill level 1 in Throwing
  1656 | D:2      | Reached skill level 1 in Armour
  1656 | D:2      | Reached skill level 1 in Shields
  1656 | D:2      | Reached skill level 1 in Unarmed Combat
  1656 | D:2      | Reached skill level 1 in Evocations
  1666 | D:2      | HP: 1/26 [poisoned by an adder]
  1674 | D:2      | Succumbed to an adder's poison

Illustrated notes

Levels and vault maps discovered:
D:1:      dpeg_arrival_stone_temple_mockup, layout_rooms,
          minmay_misc_feat_cross, columned_hall_lemuel, hex_intersection,
          minmay_misc_feat_x
D:2:      layout_rooms, nemelex_spade_bored_becter

Skill      XL: |  1  2  3 |
---------------+----------+-----
Spellcasting   | 5 |  5.0
Invocations    | 1 |  1.0
Fighting       | 1 |  1.0
Short Blades   | 1 |  1.0
Long Blades    | 1 |  1.0
Axes           | 1 |  1.0
Maces & Flails | 1 |  1.0
Polearms       | 1 |  1.0
Staves         | 1 |  1.0
Slings         | 1 |  1.0
Bows           | 1 |  1.0
Crossbows      | 1 |  1.0
Throwing       | 1 |  1.0
Armour         | 1 |  1.0
Shields        | 1 |  1.0
Unarmed Combat | 1 |  1.0
Evocations     | 1 |  1.0
Dodging        | |  4.6
Stealth        | |  4.2
Conjurations   | |  0.7
Hexes          | |  0.7
Summonings     | |  7.1
Necromancy     | |  0.7
Translocations | |  0.7
Transmutations | |  0.7
Fire Magic     | |  0.7
Ice Magic      | |  0.7
Air Magic      | |  0.7
Earth Magic    | |  0.7
Poison Magic   | |  0.7

Action                   || total
-------------------------++-------
Melee: Unarmed           ||    18
       Bite              ||     8
       Dagger            ||    64
 Cast: Summon Small Mamm ||    24
       Call Imp          ||     9
  Use: Potion            ||     1
 Stab: Sleeping          ||     3
       Distracted        ||     1
Armor: Robe              ||    24
Dodge: Dodged            ||    74

Table legend: (Time is in decaauts)
 A = Elapsed time spent in this place.
 B = Non-inter-level travel time spent in this place.
 C = Inter-level travel time spent in this place.
 D = Time resting spent in this place.
 E = Time spent auto-exploring this place.
 F = Levels seen in this place.
 G = Mean time per level.
                   A        B        C        D        E       F      G
               +--------+--------+--------+--------+--------+-----+--------+
         Total |   1672 |   1621 |     51 |     93 |   1205 |   2 |  836.0 |
       Dungeon |   1672 |   1621 |     51 |     93 |   1205 |   2 |  836.0 |
               +--------+--------+--------+--------+--------+-----+--------+

Top non-repeatable levels by time:
     D:1: 1303 daAuts
     D:2: 368 daAuts
